 Dungeon Crawl Stone Soup version 0.31.0-11-ge490571c62 (webtiles) character file.

Game seed: 1257033188685489150

81 Arcadio the Trooper (level 4, -1/49 HPs)
             Began as an Oni Delver on Jan 26, 2024.
             Slain by an orc priest
             ... wielding a +0 war axe
              (5 damage)
             ... on level 3 of the Dungeon.
             The game lasted 00:02:59 (1540 turns).

Arcadio the Trooper (Oni Delver)                    Turns: 1540, Time: 00:03:00

Health: -1/49      AC:  4    Str: 18    XL:     4   Next: 40%
Magic:  4/4        EV: 10    Int: 11    God:
Gold:   106        SH:  0    Dex: 10    Spells: 2/3 levels left

rFire   . . .        a - +0 mace
rCold   . . .        (no shield)
rNeg    . . .        b - +0 robe
rPois   .            (helmet restricted)
rElec   .            h - +0 cloak
rCorr   .            (gloves unavailable)
SInv    .            (boots unavailable)
Will    .....        (no amulet)
Stlth   ++           (no ring)
HPRegen 0.28/turn    (no ring)
MPRegen 0.09/turn

%: no passive effects
@: no status effects
A: large, unfitting armour, horns 1, tough skin 1, double potion healing,
drunken brawling
a: no special abilities


You were on level 3 of the Dungeon.
You visited 1 branch of the dungeon, and saw 5 of its levels.

You collected 106 gold pieces.

Inventory:

Hand Weapons
 a - a +0 mace (weapon)
Armour
 b - a +0 robe (worn)
 h - a +0 cloak (worn)
Wands
 g - a wand of digging (3)
 n - a wand of flame (26)
Scrolls
 c - a scroll of fog
 d - a scroll of revelation
 e - a scroll of fear
 j - a scroll of acquirement {unknown}
 k - 2 scrolls of identify {unknown}
Potions
 f - a potion of haste
 i - a potion of brilliance {unknown}
 l - 2 potions of cancellation {unknown}
 m - a potion of might {unknown}


   Skills:
 + Level 4.8 Fighting
 + Level 2.8 Maces & Flails
 + Level 2.5 Dodging
 + Level 4.1 Stealth


You had 2 spell levels left.
You knew the following spells:

 Your Spells              Type           Power      Damage    Failure   Level
a - Apportation           Tloc           0%         N/A       34%         1

Your spell library contained the following spells:

 Spells                   Type           Power      Damage    Failure   Level
 Necrotise                Necr           0%         1d4       34%         1
 Sting                    Conj/Alch      0%         1d3       34%         1
 Summon Small Mammal      Summ           0%         N/A       34%         1


Dungeon Overview and Level Annotations

Branches:
Dungeon (5/15)
 Temple: D:4-7

Altars:

Shops:
D:2 (

Annotations:
D:4 Sigmund


Innate Abilities, Weirdness & Mutations

You are too large for most types of armour.
You have a pair of small horns on your head.
You have tough skin. (AC +1)
You gain doubled healing and magic from potions.
Whenever you drink a healing potion, you attack all around you.


Message History

The orc hits you with a +0 flail.
The orc priest casts a cantrip, but nothing happens.
You hit the orc.
You kill the orc!
The orc priest calls down the wrath of Beogh upon you.
Beogh smites you!
The orc priest looks satisfied for a moment.
You hear a shout!
Things that are here:
a +0 flail; a +0 leather armour; an orc corpse The orc priest barely misses you.
You closely miss the orc priest. You headbutt the orc priest.
The orc priest is moderately wounded.
You hit the orc priest but do no damage.
The orc priest barely misses you.
The orc priest hits you with a +0 war axe!
The orc priest closely misses you.
You hit the orc priest.
The orc priest is heavily wounded.
The orc priest hits you but does no damage.
The orc priest hits you with a +0 hand axe.
The orc priest hits you but does no damage.
You closely miss the orc priest.
The orc priest is heavily wounded.
The orc priest hits you with a +0 hand axe.
The orc priest hits you with a +0 war axe.
You hit the orc priest. You headbutt the orc priest.
The orc priest is almost dead.
The orc priest hits you with a +0 hand axe.
The orc priest hits you with a +0 war axe.
You barely miss the orc priest.
You headbutt the orc priest, but do no damage.
The orc priest barely misses you.
The orc priest hits you with a +0 war axe!
You hit the orc priest.
You kill the orc priest!
The orc priest hits you with a +0 war axe!
* * * LOW HITPOINT WARNING * * *
The orc priest hits you with a +0 war axe.
You die...

#.. #.# #.# # #.#
## #' #.# ..#.#
..o #.# #.#.# ....
#.# ##.#.# ....o
#)###..#.#
......#@.......###
......o).........#
......####.......#
...<.# ##......#
....# ##.....#
...# #.[...# ..#
###.### ##..######
#.# .........# #.#


You could see an orc priest.

Vanquished Creatures
  An orc priest (D:3)
  An adder (D:2)
  A ribbon worm (D:3)
  3 dart slugs
  An orc (D:3)
  2 endoplasms
  A giant cockroach (D:2)
  7 goblins
  6 hobgoblins
  7 jackals
  7 quokkas
  7 ball pythons (D:1)
  2 bats
  3 frilled lizards
  5 kobolds (D:1)
  2 rats
56 creatures vanquished.

Notes
Turn   | Place    | Note
-------+----------+-------------------------------------------
     0 | D:5      | Arcadio the Oni Delver began the quest for the Orb.
     0 | D:5      | Reached XP level 1. HP: 24/24 MP: 1/1
    13 | D:5      | Noticed an ogre
    33 | D:5      | Noticed a scorpion
    49 | D:4      | Noticed Sigmund
   182 | D:3      | Noticed an orc priest
   182 | D:3      | Noticed an orc priest
   230 | D:2      | Reached XP level 2. HP: 31/32 MP: 2/2
   263 | D:2      | Found Iplemper's Weapon Shoppe.
   549 | D:1      | Reached XP level 3. HP: 40/40 MP: 3/3
  1137 | D:2      | Learned a level 1 spell: Apportation
  1169 | D:2      | Reached XP level 4. HP: 31/49 MP: 4/4
  1540 | D:3      | Slain by an orc priest

Illustrated notes

Levels and vault maps discovered:
D:1:      heliophobic_arrival_battle_scene, layout_loops_ring
D:2:      layout_rooms, serial_shops, shop
D:3:      layout_loops_corners, cheibrodos_worm_habitat, minmay_box_of_dots
D:4:      layout_cave_pools, chequers_jeans, uniq_sigmund, uniq_robin, uniq_ijyb
D:5:      layout_loops_ring, lightli_sewer_entry_pipes,
          serial_library_hellmonk_recessed_alcove,
          chequers_serial_rivers_large_b, st_stairs_5

Skill      XL: |  1  2  3 |
---------------+----------+-----
Dodging        | 2 |  2.5
Stealth        | 4 |  4.1
Fighting       | |  4.8
Maces & Flails | |  2.8

Action                     |  1- 3 |  4- 6 || total
---------------------------+-------+-------++-------
  Melee: Mace              |   108 |    27 ||   135
         Headbutt          |     8 |     7 ||    15
         Punch             |     3 |       ||     3
   Stab: Sleeping          |     3 |     1 ||     4
 Armour: Robe              |    76 |    23 ||    99
  Dodge: Dodged            |    64 |    14 ||    78
